 Dungeon Crawl Stone Soup version 0.25.0-7-g216d0a8 (webtiles) character file.

Game seed: 15211470555343931402

1864 oshikia the Insei (level 8, -1/64 HPs)
             Began as a Demonspawn Monk on June 15, 2020.
             Was a Priest of Wu Jian.
             Slain by an orc warrior
             ... wielding a +0 short sword
              (14 damage)
             ... on level 6 of the Dungeon.
             The game lasted 00:16:39 (7289 turns).

oshikia the Insei (Demonspawn Monk)                 Turns: 7289, Time: 00:16:40

Health: -1/64      AC:  4    Str: 13    XL:     8   Next: 90%
Magic:  0/8        EV: 19    Int: 12    God:    Wu Jian [***...]
Gold:   252        SH:  0    Dex: 20    Spells: 7/7 levels left

rFire    . . .     SeeInvis +     - Unarmed
rCold    + . .     Gourm    .   (no shield)
rNeg     . . .     Faith    .   a - +0 robe
rPois    .         Spirit   +   (helmet unavailable)
rElec    .         Reflect  .   (no cloak)
rCorr    .         Harm     .   f - +0 pair of gloves
MR       .....                  j - +0 pair of boots
Stlth    +++.......             p - amulet of guardian spirit
HPRegen  0.20/turn              w - ring of see invisible
MPRegen  0.11/turn              (no ring)

@: agile
A: horns 3, thin skeletal structure 1, blink, cold resistance 1, powered by pain
2, robust 1, strong 1
a: Blink, Wall Jump, Serpent's Lash, Renounce Religion


You were on level 6 of the Dungeon.
You worshipped Wu Jian.
Wu Jian was most pleased with you.
You were not hungry.

You visited 2 branches of the dungeon, and saw 7 of its levels.

You collected 252 gold pieces.

Inventory:

Missiles
 l - 42 sling bullets
 r - a poisoned dart (quivered)
Armour
 a - a +0 robe (worn)
 f - a +0 pair of gloves (worn)
 j - a +0 pair of boots (worn)
 o - a +3 scale mail
Jewellery
 p - an amulet of guardian spirit (around neck)
 w - a ring of see invisible (left hand)
Wands
 g - a wand of polymorph (7)
 h - a wand of digging (5)
 s - a wand of random effects (15)
Scrolls
 i - a scroll of enchant weapon {unknown}
 k - 7 scrolls of teleportation {unknown}
 m - 7 scrolls of identify {unknown}
 n - 4 scrolls of remove curse {unknown}
 t - 3 scrolls of magic mapping {unknown}
 u - a scroll of immolation {unknown}
 v - a scroll of fear {unknown}
 x - a scroll of amnesia {unknown}
Potions
 c - 2 potions of curing
 e - a potion of haste {unknown}
Comestibles
 b - 11 rations


   Skills:
 + Level 3.6 Fighting
 + Level 6.8 Throwing
 + Level 1.4 Armour
 + Level 3.2 Dodging
 + Level 2.7 Stealth
 + Level 7.5 Unarmed Combat


You had 7 spell levels left.
You didn't know any spells.
Your spell library was empty.

Dungeon Overview and Level Annotations

Branches:
Dungeon (6/15)             Temple (1/1) D:5

Altars:
Ashenzari
Cheibriados
Dithmenos
Elyvilon
Fedhas
Gozag
Hepliaklqana
Kikubaaqudgha
Makhleb
Nemelex Xobeh
Ru
Sif Muna
Trog
Uskayaw
Vehumet
Wu Jian
Xom
Yredelemnul
Zin
The Shining One

Shops:
D:5 =

Annotations:
D:4 exclusion: oklob plant


Innate Abilities, Weirdness & Mutations

You have a pair of large horns on your head.
You have a somewhat thin skeletal structure. (Dex +2, Stealth)
Your flesh is cold resistant. (rC+)
You sometimes gain power by taking damage.
You can translocate small distances at will.
You are robust. (+10% HP)
Your muscles are strong. (Str +2)


Message History

You hit the orc warrior but do no damage.
The orc warrior is almost dead.
The orc warrior hits you with a +0 short sword!
* * * LOW HITPOINT WARNING * * *
You feel better. The orc warrior barely misses you.
You barely miss the orc warrior.
The orc warrior is almost dead.
The orc warrior hits you with a +0 short sword!
* * * LOW HITPOINT WARNING * * *
You focus on the pain.
You feel more agile all of a sudden.
You hit the orc warrior but do no damage.
The orc warrior is almost dead.
The orc warrior misses you.
You feel better. The orc warrior closely misses you.
You hit the orc warrior but do no damage.
You headbutt the orc warrior, but do no damage.
The orc warrior is almost dead.
The orc warrior hits you with a +0 short sword!
You die...

..... .....
.....#######
....?...(..#
..........#
.........÷#######
.......<[÷[<.....
.......o[.###...#
.......@).....#..
..?.......#####
.........(#
..........#
..........(
..#.######## ..#.
#


You could see an orc warrior.

Vanquished Creatures
  Sigmund (D:4)
  Duvessa (D:4)
  An ice beast (D:5)
  An orc warrior (D:6)
  A phantom (D:5)
  3 ogres
  Blork the orc (D:4)
  Dowan (D:4)
  A centaur zombie (D:6)
  A crimson imp (D:5)
  A bullfrog skeleton (D:6)
  A hound (D:5)
  A gnoll shaman (D:5)
  8 orc wizards
  3 orc priests
  An iguana (D:5)
  5 worker ants
  A howler monkey skeleton (D:4)
  6 adders
  12 gnolls
  2 oozes
  An adder skeleton (D:5)
  4 worms
  5 dart slugs
  5 leopard geckos
  24 orcs
  A giant cockroach (D:1)
  12 goblins
  6 hobgoblins
  14 jackals
  13 kobolds
  A quokka (D:4)
  A ball python (D:4)
  9 bats
  3 frilled lizards
  2 gnoll zombies (D:3)
  A leopard gecko skeleton (D:5)
  6 rats
161 creatures vanquished.

Notes
Turn   | Place    | Note
-------+----------+-------------------------------------------
     0 | D:1      | oshikia the Demonspawn Monk began the quest for the Orb.
     0 | D:1      | Reached XP level 1. HP: 18/18 MP: 1/1
   256 | D:1      | Reached skill level 1 in Throwing
   256 | D:1      | Reached skill level 3 in Unarmed Combat
   256 | D:1      | Gained mutation: You have a pair of small horns on your
                  | head. [demonic ancestry]
   256 | D:1      | Reached XP level 2. HP: 24/24 MP: 2/2
   603 | D:1      | Gained mutation: You have a somewhat thin skeletal
                  | structure. (Dex +2, Stealth) [demonic ancestry]
   603 | D:1      | Reached XP level 3. HP: 22/29 MP: 3/3
  1572 | D:2      | Gained mutation: You have a pair of horns on your head.
                  | [demonic ancestry]
  1572 | D:2      | Reached XP level 4. HP: 35/35 MP: 4/4
  2163 | D:2      | Found a shimmering blue altar of Sif Muna.
  2266 | D:2      | Found a shadowy altar of Dithmenos.
  2698 | D:3      | Reached skill level 4 in Unarmed Combat
  3119 | D:3      | Gained mutation: Your flesh is cold resistant. (rC+)
                  | [demonic ancestry]
  3119 | D:3      | Reached XP level 5. HP: 32/41 MP: 3/5
  3261 | D:3      | Found a basalt altar of Yredelemnul.
  4210 | D:4      | Noticed an ogre
  4219 | D:4      | Gained mutation: Your muscles are strong. (Str +2) [potion
                  | of mutation]
  4219 | D:4      | Gained mutation: You can translocate small distances at
                  | will. [potion of mutation]
  4219 | D:4      | Gained mutation: You are robust. (+10% HP) [potion of
                  | mutation]
  4226 | D:4      | Killed an ogre
  4226 | D:4      | Gained mutation: You sometimes gain a little power by
                  | taking damage. [demonic ancestry]
  4226 | D:4      | Reached XP level 6. HP: 51/51 MP: 6/6
  4232 | D:4      | Reached skill level 5 in Unarmed Combat
  4238 | D:4      | Noticed Dowan
  4238 | D:4      | Noticed Duvessa
  4250 | D:4      | Killed Duvessa
  4251 | D:4      | Killed Dowan
  4251 | D:4      | Gained mutation: You have a pair of large horns on your
                  | head. [demonic ancestry]
  4251 | D:4      | Reached XP level 7. HP: 57/57 MP: 4/7
  4275 | D:4      | Noticed Blork the orc
  4295 | D:4      | Killed Blork the orc
  4370 | D:4      | Reached skill level 5 in Throwing
  4389 | D:4      | Noticed Sigmund
  4433 | D:4      | Killed Sigmund
  4433 | D:4      | Reached skill level 6 in Unarmed Combat
  4698 | D:4      | Found a blossoming altar of Fedhas.
  4718 | D:4      | Noticed an oklob plant
  4778 | D:4      | Found a sparkling altar of Nemelex Xobeh.
  5227 | D:5      | Entered Level 5 of the Dungeon
  5357 | D:5      | Found a staircase to the Ecumenical Temple.
  5366 | D:5      | Gained mutation: You sometimes gain power by taking damage.
                  | [demonic ancestry]
  5366 | D:5      | Reached XP level 8. HP: 60/63 MP: 8/8
  5371 | Temple   | Entered the Ecumenical Temple
  5474 | Temple   | Became a worshipper of the Wu Jian Council
  5474 | Temple   | Reached * piety under Wu Jian
  5474 | Temple   | Reached ** piety under Wu Jian
  5978 | D:5      | Reached skill level 7 in Unarmed Combat
  6064 | D:5      | Found Fiarocor's Jewellery Emporium.
  6201 | D:5      | Found a snail-covered altar of Cheibriados.
  6809 | D:5      | Reached skill level 1 in Armour
  7001 | D:6      | Reached *** piety under Wu Jian
  7284 | D:6      | HP: 1/64 [orc warrior/+0 short sword (8)]
  7289 | D:6      | Slain by an orc warrior

Illustrated notes

Levels and vault maps discovered:
D:1:      dpeg_arrival_pits, layout_rooms, minmay_pentomino_r2
D:2:      layout_loops_ring, lemuel_doored_altar,
          nicolae_dithmenos_through_a_glass_darkly
D:3:      layout_basic, lemuel_zombie_altar_yredelemnul, first_ration
D:4:      layout_rooms, nicolae_overflow_crystal_walls, tgw_fedhas,
          uniq_blork_the_orc, uniq_sigmund, uniq_duvessa
D:5:      layout_loops_corners, slow_altar_2, minmay_temple_entry_junction,
          serial_shops, shop
D:6:      layout_rooms, gammafunk_temple_overflow_pools
Temple:   eino_temple_water

Skill      XL: |  1  2  3  4  5  6  7  8 |
---------------+-------------------------+-----
Throwing       | 1 2 3 4 5 6 |  6.8
Unarmed Combat | 3 4 5 6 7 |  7.5
Stealth        | 2 |  2.7
Armour         | 1 |  1.4
Dodging        | 3 |  3.2
Fighting       | |  3.6

Action                   |  1- 3 |  4- 6 |  7- 9 || total
-------------------------+-------+-------+-------++-------
Melee: Unarmed           |   152 |   161 |   236 ||   549
       Punch             |     2 |     3 |    13 ||    18
       Headbutt          |    25 |    23 |    54 ||   102
Throw: Dart              |       |     4 |     9 ||    13
       Throwing net      |       |       |     3 ||     3
Invok: Lunge             |       |       |    20 ||    20
       Whirlwind         |       |       |     7 ||     7
 Abil: Wall Jump         |       |       |     1 ||     1
  Use: Potion            |     1 |     3 |     7 ||    11
 Stab: Sleeping          |     2 |    13 |     9 ||    24
       Held in net/web   |       |       |     1 ||     1
  Eat: Chunk             |     2 |     8 |    10 ||    20
Armor: Robe              |    24 |    21 |    21 ||    66
       Skin              |       |    11 |     2 ||    13
Dodge: Dodged            |    89 |    88 |   111 ||   288
